 Dungeon Crawl Stone Soup version 0.13-a0-2640-geebf78d (webtiles) character file.

158 Rak the Chiller (level 3, -3/26 HPs)
             Began as a Demigod Ice Elementalist on Aug 6, 2013.
             Slain by a worm (9 damage)
             ... on Level 2 of the Dungeon.
             The game lasted 00:09:49 (2278 turns).

Rak the Chiller (Demigod Ice Elementalist)          Turns: 2278, Time: 00:09:49

HP  -3/26        AC  3     Str 12      XL: 3   Next: 39%
MP   4/8         EV 13     Int 20      God:
Gold 106         SH  0     Dex 16      Spells:  1 memorised,  3 levels left

Res.Fire  : . . .   See Invis. : .   f - +1,+2 spear (pierce)
Res.Cold  : . . .   Warding    : .   a - +0 robe
Life Prot.: . . .   Conserve   : .   (no shield)
Res.Poison: .       Res.Corr.  : .   (no helmet)
Res.Elec. : .       Clarity    : .   h - +0 cloak
Sust.Abil.: . .     Spirit.Shd : .   (no gloves)
Res.Mut.  : .       Stasis     : .   (no boots)
Res.Rott. : .       Flight     : .   q - amulet of faith {unknown}
Saprovore : . . .                    (no ring)
                                     (no ring)

@: slightly resistant to hostile enchantments, fairly stealthy
A: no striking features
a: no special abilities


You were on level 2 of the Dungeon.
You were not hungry.

You visited 1 branch of the dungeon, and saw 2 of its levels.

You collected 86 gold pieces.

Inventory:

Hand weapons
 d - a +0,+0 elven spear (quivered)
 f - a +1,+2 spear of piercing (weapon)
Armour
 a - a +0 robe (worn)
 g - a +0 orcish ring mail
 h - a +0 cloak (worn)
 l - a +2 ring mail of cold resistance
Comestibles
 c - 2 bread rations
 k - a pear
 r - a chunk of giant newt flesh
 s - a meat ration
Scrolls
 e - 4 scrolls of identify {unknown}
 j - 2 scrolls of teleportation {unknown}
 m - a scroll of random uselessness {unknown}
 n - a scroll of enchant weapon II {unknown}
 t - a scroll of enchant weapon I {unknown}
 u - a scroll of enchant armour {unknown}
 v - a scroll of remove curse {unknown}
Jewellery
 q - an amulet of faith (around neck) {unknown}
Potions
 i - a potion of magic {unknown}
 o - a potion of restore abilities {unknown}
 p - a potion of curing {unknown}
Books
 b - a book of Frost

   Spells                             Type                      Level
   *Freeze                            Ice                          1
   Throw Frost                        Conjuration/Ice              2
   Ozocubu's Armour                   Charms/Ice                   3
   Throw Icicle                       Conjuration/Ice              4
   Summon Ice Beast                   Ice/Summoning                4
   Condensation Shield                Ice                          4


   Skills:
 + Level 0.5 Polearms
 + Level 2.3 Dodging
 + Level 2.1 Stealth
 + Level 1.2 Spellcasting
   Level 0.8 Conjurations
 + Level 3.4 Ice Magic


You had 3 spell levels left.
You knew the following spells:

 Your Spells              Type           Power        Failure   Level  Hunger
a - Freeze                Ice            ###.         4%          1    ##.....


Dungeon Overview and Level Annotations

Branches:
Dungeon (2/27)


Message History

Confirm with . or Enter, or press ? or * to list all spells.
Aiming: Freeze
Press: ? - help, Shift-Dir - straight line, f/p - worm
Aim: a worm (moderately wounded)
You freeze the worm.
The worm is heavily wounded.
The worm bites you!
* * * LOW HITPOINT WARNING * * *
Casting: Freeze
Confirm with . or Enter, or press ? or * to list all spells.
You don't know that spell.
You hit the worm.
The worm is severely wounded.
You hit the worm.
The worm is severely wounded.
The worm closely misses you.
You hit the worm.
The worm is almost dead.
The worm bites you!
You die...

#.##....#####.#....#####.#
#... ...................#
#.# ####
#####...########.#.. ..#
#...# #.### ### ### #...#
#.. #.. #####...########.#
# #.#
...............#.#####.# #
...............#w........
...............#@##.##.# #
#####...#####.....[....#
#.# #...# #.##%#.###.# #..
........ #.##.#.# ##.
#.#...#.#.#.##.... #.
#.#...#.# #.####..# #. #
#.... . ..# ..# #. #...#.#
.. ..# #. ...... .# #.# #.


You could see a worm.

Vanquished Creatures
  Ijyb (D:2)
  A giant gecko (D:1)
  2 bats
  7 goblins
  3 hobgoblins (D:1)
  3 jackals (D:2)
  A giant newt (D:2)
  8 kobolds
  A quokka (D:2)
  5 rats
32 creatures vanquished.

Notes
Turn   | Place    | Note
--------------------------------------------------------------
     0 | D:1      | Rak, the Demigod Ice Elementalist, began the quest for the Orb.
     0 | D:1      | Reached XP level 1. HP: 14/14 MP: 5/5
   167 | D:1      | Reached skill level 3 in Ice Magic
   741 | D:1      | Reached XP level 2. HP: 17/20 MP: 6/6
  1239 | D:2      | Noticed Ijyb
  1259 | D:2      | Killed Ijyb
  1259 | D:2      | Reached XP level 3. HP: 5/26 MP: 0/8
  2278 | D:2      | Slain by a worm

Action                   || total
-------------------------++-------
Melee: Spear             ||    87
 Cast: Freeze            ||    18
 Stab: Sleeping          ||     1
